 Dungeon Crawl Stone Soup version 0.32-a0-900-g30fb1b0edc (webtiles) character file.

Game seed: 11822660014730823348

1431432 GnomeSayin the Blinker (level 25, 149/149 HPs)
             Began as a Spriggan Delver on Apr 5, 2024.
             Was the Champion of Ashenzari.
             Escaped with the Orb
             ... and 3 runes on Apr 6, 2024!
             The game lasted 12:04:39 (94013 turns).

GnomeSayin the Blinker (Spriggan Delver)           Turns: 94013, Time: 12:04:39

Health: 149/149    AC: 11    Str: 10    XL:     25   Next: 70%
Magic:  49/49      EV: 52    Int: 15    God:    Ashenzari [******]
Gold:   5327       SH: 13    Dex: 31    Spells: 16/66 levels left

rFire   + . .        V - +8 hand cannon of Toth-Mos's Legacy {freeze, Range, Cun} (curse)
rCold   . . .        w - +0 buckler "Tethered Panentheism" {+Blink rC- Str+3 Slay+5, Bglg, Self} (curse)
rNeg    . . .        N - +2 robe "Clairvoyant Anxiety" {rC+ rF+, Dev, Range} (curse)
rPois   +            l - +2 hat of Ouranomancy {Comp, Elem} (curse)
rElec   +            s - +0 cloak "At What Cost Knowledge?" {Range, Elem} (curse)
rCorr   .            (gloves unavailable)
SInv    +            (boots unavailable)
Will    ++++.        j - amulet "Chained Panentheism" {Reflect SH+5, Cun, Dev} (curse)
Stlth   +++          v - ring of the Restrained Augurer {AC+4, Cun, Dev} (curse)
HPRegen 1.24/turn    b - ring of the Unyielding Gaze {Fly rElec rPois Int+3, Cun, Elem} (curse)
MPRegen 0.31/turn

%: reflection, clarity
@: flying, studying Translocations, very quick
A: very small, no large weapons, unfitting armour, see invisible, speed 3, agile
1, regeneration 1, no potion heal 1, inability to drink after injury 1
0: Orb of Zot
}: 3/15 runes: barnacled, slimy, gossamer
a: Renounce Religion, Evoke Blink, Shatter the Chains


You escaped.
You worshipped Ashenzari.
Ashenzari was exalted by your worship.
You visited 13 branches of the dungeon, and saw 56 of its levels.
You visited 1 bazaar.
You also visited: Gauntlet, Ice Cave and Wizlab.

You collected 7178 gold pieces.
You spent 1851 gold pieces at shops.

Inventory:

Hand Weapons
 r - a +3 hand cannon of draining
 C - a +2 short sword of venom
 V - the cursed +8 hand cannon of Toth-Mos's Legacy (weapon) {freeze, Range, Cun}
   (You took it off a vault sentinel on level 2 of the Vaults)

   It has a curse which improves the following skills: Ranged Combat: Ranged
   Weapons and Throwing.
   Cunning:   Dodging and Stealth.
Missiles
 B - 6 throwing nets
 D - 9 curare-tipped darts
Armour
 l - the cursed +2 hat of Ouranomancy (worn) {Comp, Elem}
   (You found it on level 4 of the Depths)

   It has a curse which improves the following skills: Companions: Summonings
   and Necromancy.
   Elements:  Fire Magic, Ice Magic, Air Magic and Earth Magic.
 s - the cursed +0 cloak "At What Cost Knowledge?" (worn) {Range, Elem}
   (You found it on level 2 of the Dungeon)

   It has a curse which improves the following skills: Ranged Combat: Ranged
   Weapons and Throwing.
   Elements:  Fire Magic, Ice Magic, Air Magic and Earth Magic.
 w - the cursed +0 buckler "Tethered Panentheism" (worn) {+Blink rC- Str+3 Slay+5, Bglg, Self}
   (You bought it in a shop in a bazaar)

   Str+3:     It affects your strength (+3).
   Slay+5:    It affects your accuracy & damage with ranged weapons and melee
   (+5).
   rC-:       It makes you vulnerable to cold.
   +Blink:    It lets you blink.
   It has a curse which improves the following skills: Beguiling: Hexes and
   Translocations.
   Introspection: Fighting and Spellcasting.
 N - the cursed +2 robe "Clairvoyant Anxiety" (worn) {rC+ rF+, Dev, Range}
   (You took it off an orc sorcerer on level 1 of the Orcish Mines)

   It has a curse which improves the following skills: Devices: Evocations and
   Shapeshifting.
   Ranged Combat: Ranged Weapons and Throwing.
Jewellery
 b - the cursed ring of the Unyielding Gaze (right hand) {Fly rElec rPois Int+3, Cun, Elem}
   (You bought it in a shop on level 3 of the Elven Halls)

   [ring of poison resistance]

   Int+3:     It affects your intelligence (+3).
   rElec:     It insulates you from electricity.
   rPois:     It protects you from poison.
   Fly:       It grants you flight.
   It has a curse which improves the following skills: Cunning: Dodging and
   Stealth.
   Elements:  Fire Magic, Ice Magic, Air Magic and Earth Magic.
 j - the cursed amulet "Chained Panentheism" (around neck) {Reflect SH+5, Cun, Dev}
   (You bought it in a shop on level 2 of the Orcish Mines)

   [amulet of reflection]

   Reflect:   It reflects blocked missile attacks.
   SH+5:      It affects your SH (+5).
   It has a curse which improves the following skills: Cunning: Dodging and
   Stealth.
   Devices:   Evocations and Shapeshifting.
 v - the cursed ring of the Restrained Augurer (left hand) {AC+4, Cun, Dev}
   (You found it on level 2 of the Dungeon)

   [ring of protection]

   AC+4:      It affects your AC (+4).
   It has a curse which improves the following skills: Cunning: Dodging and
   Stealth.
   Devices:   Evocations and Shapeshifting.
 J - a +4 ring of slaying
 Y - a ring of willpower
Wands
 g - a wand of digging (42)
 y - a wand of roots (40)
 E - a wand of mindburst (40)
 F - a wand of acid (33)
 P - a wand of charming (33)
 W - a wand of polymorph (11)
Scrolls
 a - 2 scrolls of silence
 c - 8 scrolls of fog
 e - 14 scrolls of fear
 h - 21 scrolls of teleportation
 i - 5 scrolls of blinking
 o - a scroll of acquirement
 u - 5 scrolls of amnesia
 x - 14 scrolls of poison
 z - 9 scrolls of vulnerability
 A - 4 scrolls of butterflies
 G - 2 scrolls of torment
 K - 15 scrolls of enchant armour
 Q - 5 scrolls of immolation
Potions
 f - 7 potions of haste
 k - 12 potions of mutation
 m - 12 potions of ambrosia
 n - 14 potions of might
 p - 14 potions of brilliance
 q - 7 potions of enlightenment
 t - 14 potions of curing
 H - 2 potions of heal wounds
 I - 5 potions of magic
 L - 5 potions of lignification
 M - 2 potions of cancellation
 O - 4 potions of invisibility
 T - 2 potions of resistance
 U - 5 potions of attraction
Miscellaneous
 d - a phantom mirror
 S - a phial of floods
 X - a lightning rod (4/4)
 Z - a tin of tremorstones (2/2)


   Skills:
 - Level 18.7(21.0) Fighting
 - Level 3.0 Short Blades
 - Level 20.6(24.9) Ranged Weapons
 - Level 19.5(24.9) Dodging
 - Level 10.3(16.0) Stealth
 + Level 8.8 Shields
 - Level 19.1(21.2) Spellcasting
 - Level 2.0 Conjurations
 - Level 7.4(10.0) Hexes
 - Level 13.9(16.3) Summonings
 - Level 12.0(14.3) Necromancy
 - Level 20.8(22.9) Translocations
 - Level 11.2(15.9) Earth Magic
 + Level 15.0(19.6) Evocations


You had 16 spell levels left.
You knew the following spells:

 Your Spells              Type           Power      Damage    Failure   Level
a - Dimensional Bullseye  Hex/Tloc       30%        N/A       1%          4
b - Passwall              Erth           59%        N/A       1%          3
c - Borgnjor's Vile Clut  Necr/Erth      28%        N/A       1%          5
d - Iskenderun's Mystic   Conj/Tloc      52%        2d11      (+2d61%     4
e - Summon Forest         Summ/Tloc      33%        N/A       1%          5
f - Malign Gateway        Summ/Tloc      33%        N/A       1%          7
g - Lee's Rapid Deconstr  Erth           29%        3d15*     1%          5
h - Dispersal             Tloc           35%        N/A       1%          6
i - Disjunction           Tloc           35%        N/A       2%          8
x - Apportation           Tloc           100%       N/A       0%          1
B - Blink                 Tloc           100%       N/A       0%          2

Your spell library contained the following spells:

 Spells                   Type           Power      Damage    Failure   Level
 Call Imp                 Summ           100%       N/A       0%          2
 Lesser Beckoning         Tloc           100%       N/A       0%          2
 Sublimation of Blood     Necr           56%        N/A       0%          2
 Call Canine Familiar     Summ           60%        N/A       0%          3
 Maxwell's Portable Pile  Tloc           71%        2d(12-34) 0%          3
 Teleport Other           Tloc           71%        N/A       0%          3
 Magic Dart               Conj           84%        1d7       1%          1
 Slow                     Hex            100%       N/A       1%          1
 Ensorcelled Hibernation  Hex/Ice        64%        N/A       1%          2
 Jinxbite                 Hex            90%        N/A       1%          2
 Confusing Touch          Hex            45%        N/A       1%          3
 Dazzling Flash           Conj/Hex       66%        N/A       1%          3
 Fugue of the Fallen      Necr           56%        N/A       1%          3
 Inner Flame              Hex/Fire       32%        N/A       1%          3
 Sigil of Binding         Hex            45%        N/A       1%          3
 Tukima's Dance           Hex            45%        N/A       1%          3
 Vampiric Draining        Necr           56%        2d10      1%          3
 Volatile Blastmotes      Fire/Tloc      100%       2d18      1%          3
 Anguish                  Hex/Necr       25%        N/A       1%          4
 Animate Armour           Summ/Erth      100%       N/A       1%          4
 Cause Fear               Hex            22%        N/A       1%          4
 Petrify                  Alch/Erth      39%        N/A       1%          4
 Summon Lightning Spire   Summ/Air       41%        N/A       1%          4
 Curse of Agony           Necr           56%        N/A       1%          5
 Summon Mana Viper        Hex/Summ       53%        N/A       1%          5
 Death Channel            Necr           28%        N/A       1%          6
 Gell's Gavotte           Tloc           35%        2d(27-40) 1%          6
 Summon Cactus Giant      Summ           30%        N/A       1%          6
 Manifold Assault         Tloc           35%        N/A       1%          7
 Foxfire                  Conj/Fire      80%        2x1d8     2%          1
 Shock                    Conj/Air       76%        1d7       2%          1
 Sting                    Conj/Alch      72%        1d7       2%          1
 Searing Ray              Conj           42%        2d6       2%          2
 Freeze                   Ice            72%        1d8       3%          1
 Scorch                   Fire           36%        2d6       4%          2
 Summon Hydra             Summ           30%        N/A       4%          7
 Mercury Vapours          Alch/Air       32%        N/A       5%          2
 Hailstorm                Conj/Ice       20%        3d7       7%          3
 Frozen Ramparts          Ice            36%        1d6       9%          3
 Mephitic Cloud           Conj/Alch/Air  18%        N/A       9%          3
 Ozocubu's Armour         Ice            18%        N/A       9%          3
 Swiftness                Air            18%        N/A       9%          3
 Silence                  Hex/Air        16%        N/A       12%         5
 Yara's Violent Unravell  Hex/Alch       15%        3d8       14%         5
 Bombard                  Conj/Erth      21%        9d4       16%         6
 Flame Wave               Conj/Fire      20%        2d7       22%         4
 Fulminant Prism          Conj/Alch      9%         3d7       26%         4
 Airstrike                Air            9%         2d(2-18)  30%         4
 Summon Horrible Things   Summ           30%        N/A       32%         8
 Sticky Flame             Fire/Alch      17%        2d5       34%         4
 Olgreb's Toxic Radiance  Alch           15%        N/A       38%         4
 Iskenderun's Battlesphe  Conj           21%        2d7       45%         5
 Enfeeble                 Hex            22%        N/A       50%         7
 Irradiate                Conj/Alch      9%         3d14      58%         5
 Spellforged Servitor     Conj/Summ      21%        N/A       63%         7
 Alistair's Intoxication  Alch           10%        N/A       75%         5
 Conjure Ball Lightning   Conj/Air       9%         3x3d6     98%         6
 Starburst                Conj/Fire      10%        6d5       98%         6
 Eringya's Noxious Bog    Alch           7%         4d6       99%         6
 Plasma Beam              Fire/Air       9%         2x1d19    99%         6
 Sculpt Simulacrum        Ice/Alch       8%         N/A       99%         6
 Discord                  Hex            22%        N/A       99%         8
 Shatter                  Erth           29%        3d24*     99%         9
 Ozocubu's Refrigeration  Ice            9%         4d9       100%        7
 Chain Lightning          Conj/Air       9%         3d12      100%        9
 Fire Storm               Conj/Fire      10%        8d3       100%        9


Dungeon Overview and Level Annotations

Branches:
Dungeon (15/15)            Temple (1/1) D:5            Lair (5/5) D:11
 Shoals (4/4) Lair:3       Spider (4/4) Lair:2        Slime (5/5) Lair:4
    Orc (2/2) D:12            Elf (3/3) Orc:2        Vaults (4/5) D:13
  Crypt (3/3) Vaults:2       Tomb (1/3) Crypt:3      Depths (4/4) D:15
    Zot (5/5) Depths:4      IceCv (visited)          WizLab (visited)
Gauntlet (visited)

Altars:
Ashenzari
Cheibriados
Dithmenos
Elyvilon
Fedhas
Gozag
Hepliaklqana
Kikubaaqudgha
Makhleb
Nemelex Xobeh
Okawaru
Qazlal
Ru
Sif Muna
Trog
Uskayaw
Vehumet
Wu Jian
Xom
Yredelemnul
Zin
The Shining One
Jiyva
Lugonu

Shops:
D:1 :   D:2 ?*[:(   Orc:2 ?!=   Elf:1 !   Elf:2 :   Elf:3 (=:=   Shoals:1 =
Shoals:4 ==   Vaults:4 (

Portals:
Hell: Depths:1 Depths:2 Depths:3 Depths:4
Abyss: Lair:5 Depths:1 Depths:3 Depths:4
Pandemonium: Depths:1 Depths:2
Ziggurat: Depths:1
Trove: Depths:2 (give 2 scrolls of acquirement)

Annotations:
D:14 4 transporters
Elf:2 3 runed translucent doors
Vaults:2 Mennas
Depths:2 2 runed translucent doors
Zot:2 Vv


Innate Abilities, Weirdness & Mutations

You are very small and have problems with some larger weapons.
You are too small for most types of armour.
You have supernaturally acute eyesight. (SInv)
You cover ground extremely quickly. (Speed+++)
You are agile. (Dex +4, Str/Int -1)
Your natural rate of healing is unusually fast.
Potions are less effective at restoring your health.
You occasionally lose the ability to drink potions when taking damage.


Message History

Your magic feels tainted.
Casting: Borgnjor's Vile Clutch (mildly dangerous; 1% risk of failure)
Confirm with . or Enter, or press ? or * to list all spells.
Aiming: Passwall (safe; 1% risk of failure)
Press: ? - help, Dir - move target A rock wall.
This square is covered in magical glow.
You lose access to your magic!
You begin to meditate on the wall.
You continue meditating on the rock. x2
You regain access to your magic.
You finish merging with the rock.
You fly upwards.
There is a stone staircase leading down here.
What level of the Dungeon? (default 1, ? - help) Magic restored.
There is an open door here.
A great orb of eyes comes into view.
You shoot a slug. The slug hits the great orb of eyes!!!
The slug freezes the great orb of eyes.
The great orb of eyes is severely wounded.
You shoot a slug.
The slug barely misses the great orb of eyes.
You shoot a slug. The slug hits the great orb of eyes!!
The slug freezes the great orb of eyes!
You kill the great orb of eyes!
Your magic seems less tainted.
What level of the Dungeon? (default 1, ? - help)
There is an open door here.
There is a stone staircase leading up here.
You fly upwards.
There is a stone staircase leading down here.
There is a stone staircase leading up here.
You fly upwards.
There is a stone staircase leading down here.
There is a stone staircase leading up here.
You fly upwards.
There is a stone staircase leading down here.
There is an open door here.
There is a staircase leading out of the dungeon here.
You have escaped!

.....#...................#
####...#####.>.....>####.#
####...##......♣♣♣..## #.#
.......##..#.♣♣♣♣♣♣♣.###.#
.......##....♣♣∩∩∩♣♣♣.##.#
.....####.....∩...∩♣♣..#.#
.....# #..♣♣♣.....♣♣♣.#.#
.....# ##..♣♣∩.♣.♣.∩♣♣...#
.....###...♣♣∩.♣@♣.....#.#
..÷........♣♣∩.♣.♣.∩♣♣.#.#
......####.♣♣......♣♣♣.#.#
......# #...♣∩...∩♣♣..#†#
......# ##.♣♣♣∩∩∩♣♣♣.##.#
......# ##.♣♣♣♣♣♣♣.###.#
####..# ##..♣♣♣..## #.#
##..#######>.....># #.#
###..........###..######.#


There were no monsters in sight!

Vanquished Creatures
  the Royal Jelly (Slime:5)
  Frederick (Crypt:2)
  An orb of fire (Zot:5)
  2 ancient liches
  Khufu (Crypt:3)
  A juggernaut (Depths:2)
  3 royal mummies (Tomb:1)
  2 Killer Klowns
  7 caustic shrikes
  10 golden dragons
  A profane servitor (Crypt:3)
  Nikola (Spider:3)
  Norris (Vaults:3)
  A bone dragon (Crypt:3)
  3 doom hounds (Zot:4)
  A Brimstone Fiend (D:12)
  An electric golem (Depths:4)
  9 tentacled monstrosities
  Rupert (D:12)
  12 Orb Guardians
  2 deep elf master archers (Elf:3)
  2 liches
  A walking frostbound tome (Depths:2)
  2 walking crystal tomes (Depths:3)
  2 deep elf blademasters (Elf:3)
  2 walking divine tomes
  Grunn (Zot:4)
  13 acid blobs
  7 quicksilver dragons
  8 sphinxes
  A titan (Depths:2)
  10 death cobs
  4 ancient champions
  4 tengu reavers
  Aizul (Elf:1)
  12 storm dragons
  2 shadow dragons
  A revenant (Crypt:3)
  6 draconian monks
  6 frost giants
  4 draconian knights
  Donald (Vaults:2)
  A protean progenitor (Zot:1)
  12 rockslimes
  6 deep elf sorcerers
  5 emperor scorpions
  16 vault wardens
  4 draconian shifters
  2 iron dragons
  6 azure jellies
  4 fire giants
  3 ghost moths
  5 draconian scorchers
  A deep elf elementalist (Elf:3)
  A spectral juggernaut (Crypt:3)
  3 draconian stormcallers
  3 curse skulls
  2 ghouls
  2 reapers
  4 spriggan defenders
  4 formless jellyfish
  An orc warlord (Orc:1)
  7 stone giants
  2 draconian annihilators
  13 very ugly things
  5 quicksilver oozes (Slime:5)
  13 ironbound preservers
  8 vampire knights
  The ghost of Meguun the Fighter, a journeyman MiBe of Trog (Lair:2)
  5 black draconians
  8 ironbound thunderhulks
  8 green draconians
  7 deep elf demonologists
  8 dire elephants
  Nessos (D:14)
  9 deep elf death magi
  5 yellow draconians
  3 war gargoyles
  2 grey draconians (Depths:4)
  7 red draconians
  6 deep elf annihilators (Elf:3)
  12 purple draconians
  6 spark wasps
  4 white draconians
  6 statues (WizLab)
  6 ettins
  3 merfolk javelineers (Shoals:4)
  9 mummy priests
  A crystal guardian (Vaults:4)
  Josephine (D:11)
  9 fire dragons
  7 merfolk impalers
  An entropy weaver (shapeshifter) (D:13)
  19 jiangshi
  2 deep elf high priests (Elf:3)
  3 vault guards
  A quicksilver dragon zombie (Crypt:2)
  11 yaktaur captains
  10 great orbs of eyes
  3 entropy weavers
  A spriggan zombie (Crypt:2)
  9 ice dragons
  A spectral shadow dragon (Crypt:3)
  6 merfolk avatars
  2 rakshasas
  3 jorogumos
  8 centaur warriors
  9 hydras
  11 ironbound frosthearts
  3 death knights
  2 ogre magi
  3 spriggan air magi
  3 peacekeepers
  An alligator snapping turtle (Shoals:4)
  A spriggan skeleton (Tomb:1)
  A fenstrider witch skeleton (Crypt:2)
  2 satyrs (Shoals:3)
  11 boulder beetles
  12 dancing weapons
  7 radroaches
  4 merfolk aquamancers
  11 two-headed ogres
  6 deep troll earth magi
  21 death scarabs
  4 deep troll shamans
  5 death yaks
  2 vampire magi
  A sphinx skeleton (Vaults:2)
  4 demonic crawlers
  4 orc high priests (Orc:2)
  4 occultists
  5 tengu warriors
  3 thrashing horrors (Lair:5)
  A sun demon (Depths:3)
  8 spriggan berserkers
  2 soul eaters (Crypt:1)
  Amaemon (D:11)
  19 hell knights
  7 deep elf knights
  4 shadow wraiths (Crypt:3)
  27 skeletal warriors
  A sixfirhy (Depths:3)
  6 pharaoh ants
  4 skysharks
  6 mana vipers (Depths:2)
  A spriggan druid (Depths:1)
  4 iron trolls
  3 large abominations
  45 deep trolls
  A swamp dragon (Lair:3)
  6 deep elf archers
  9 flayed ghosts
  A glowing orange brain (shapeshifter) (Depths:4)
  5 bog bodies
  4 sea snakes
  An orb spider (shapeshifter) (D:13)
  5 glowing orange brains
  A sun moth (shapeshifter) (Depths:4)
  8 orb spiders
  The ghost of wally255 the Cleaver, a novice MiFi of Okawaru (D:6)
  A sun moth (Spider:3)
  8 ironbound convokers
  7 arcanists
  22 orc knights
  6 phantasmal warriors
  25 harpies
  3 steelbarb worms
  7 lindwurms
  22 wolf spiders
  8 necromancers
  3 orc sorcerers
  4 thermic dynamos
  2 salamanders
  2 iron dragon zombies
  32 ugly things
  4 shining eyes
  24 deep elf zephyrmancers
  A fire giant zombie (Crypt:1)
  A tengu skeleton (Vaults:2)
  5 cyclopes
  18 deep elf pyromancers
  16 fauns
  An elephant (shapeshifter) (Elf:1)
  A shadow dragon skeleton (Vaults:2)
  4 kobold blastminers
  17 moths of wrath
  2 meliai
  10 manticores
  17 vault sentinels
  A guardian serpent (D:13)
  5 merfolk sirens
  2 smoke demons (Lair:5)
  2 eyes of devastation (Slime:5)
  14 elephants
  2 dire elephant zombies
  2 torpor snails (Spider:4)
  5 water nymphs
  A molten gargoyle (Depths:1)
  2 rust devils
  5 centaur zombies (D:11)
  4 black mambas
  A gargoyle (D:11)
  12 cane toads
  A cane toad (shapeshifter) (D:14)
  An unseen horror (shapeshifter) (D:13)
  9 komodo dragons
  28 yaktaurs
  An orange demon (D:11)
  An unseen horror (D:12)
  An efreet (D:14)
  3 freezing wraiths (Crypt:3)
  3 rime drakes
  A red devil (Depths:2)
  A tormentor (Depths:1)
  14 tengu conjurers
  A hydra zombie (Crypt:2)
  A yaktaur skeleton (Vaults:2)
  3 polar bears
  A harpy zombie (Crypt:2)
  3 human skeletons (Vaults:2)
  16 guardian mummies
  4 hornets
  10 trolls
  A sea snake skeleton (Crypt:2)
  8 wind drakes
  24 merfolk
  25 tarantellas
  36 jumping spiders
  An ice dragon zombie (Crypt:2)
  4 tyrant leeches (Spider:2)
  2 harpy skeletons (Crypt:2)
  3 raiju (Lair:5)
  10 snapping turtles
  12 dream sheep
  2 glass eyes
  A raiju (shapeshifter) (D:15)
  A satyr zombie (Crypt:2)
  38 blink frogs
  A meliai zombie (D:11)
  A black mamba zombie (Crypt:1)
  2 ettin skeletons (Vaults:2)
  4 air elementals
  Sigmund (D:4)
  5 spriggans
  A fire dragon skeleton (Crypt:2)
  17 water elementals
  2 ynoxinuls (Lair:5)
  8 shadows
  7 wyverns
  78 slime creatures
  2 vampires (D:11)
  An ice dragon skeleton (Crypt:2)
  17 culicivoras
  A fire elemental (Depths:1)
  50 yaks
  An ushabti (Tomb:1)
  15 wraiths
  3 basilisks
  6 golden eyes (Depths:3)
  An unseen horror simulacrum (D:9)
  An alligator snapping turtle simulacrum (Crypt:3)
  A steam dragon (Lair:3)
  4 wargs
  A death yak simulacrum (IceCv)
  60 redbacks
  2 vampire mosquitoes (D:11)
  2 chaos spawn (Lair:5)
  5 acid dragons
  13 water moccasins
  34 orc warriors
  A deep troll skeleton (Crypt:1)
  4 ice beasts
  A black bear (Lair:1)
  15 ogres
  2 sky beasts (D:7)
  28 laughing skulls
  8 boggarts
  25 wolves
  4 centaurs
  4 bullfrogs
  2 kobold brigands
  3 earth elementals
  A cane toad simulacrum (IceCv)
  12 small abominations
  A gnoll sergeant (D:11)
  A warg zombie (Crypt:1)
  5 scorpions
  4 burial acolytes (Crypt:3)
  17 killer bees
  A polar bear zombie (Crypt:1)
  24 orc priests
  2 gnoll boudas
  6 hounds
  3 sleepcaps
  Terence (D:2)
  An iguana (D:7)
  18 orc wizards
  A wolf simulacrum (IceCv)
  A deep dwarf skeleton (Crypt:1)
  22 mummies (Tomb:1)
  23 gnolls
  6 adders
  8 white imps
  5 ufetubi
  An adder skeleton (Crypt:1)
  An adder zombie (D:3)
  A ribbon worm (D:4)
  4 dart slugs
  68 orcs
  9 ball pythons
  2 bats
  10 endoplasms
  5 giant cockroaches
  3 goblins
  10 hobgoblins
  4 quokkas
  A dart slug zombie (Crypt:2)
  2 frilled lizards (D:1)
  A giant cockroach zombie (Crypt:2)
  16 kobolds
  A quokka zombie (D:3)
  6 rats
2174 creatures vanquished.

Vanquished Creatures (collateral kills)
  Bai Suzhen (Crypt:3)
  A tentacled monstrosity (Zot:1)
  2 quicksilver dragons (Zot:4)
  A shadow dragon (Zot:2)
  2 azure jellies (Slime:5)
  A storm dragon (Zot:1)
  2 draconian knights (Zot:4)
  A draconian shifter (Zot:4)
  3 draconian scorchers
  A draconian annihilator (Zot:4)
  3 black draconians (Zot:4)
  5 yellow draconians
  A red draconian (Zot:5)
  A satyr (Shoals:4)
  3 moths of wrath
  3 acid dragons (Depths:4)
31 creatures vanquished.

Vanquished Creatures (others)
  A golden dragon (Zot:3)
  13 eldritch tentacles
  2 death cobs
  A draconian knight (Zot:3)
  An orc high priest (Orc:2)
  A yaktaur (Vaults:1)
  A wind drake (Shoals:4)
20 creatures vanquished.

Grand Total: 2225 creatures vanquished

Notes
Turn   | Place    | Note
-------+----------+-------------------------------------------
     0 | D:5      | GnomeSayin the Spriggan Delver began the quest for the Orb.
     0 | D:5      | Reached XP level 1. HP: 11/11 MP: 2/2
    29 | D:5      | Found a staircase to the Ecumenical Temple.
    35 | Temple   | Entered the Ecumenical Temple
    72 | Temple   | Became a worshipper of Ashenzari the Shackled
   137 | D:5      | Noticed a scorpion
   196 | D:5      | Noticed a hound
   248 | D:5      | Noticed a yak
   250 | D:5      | Noticed a yak
   250 | D:5      | Noticed a yak
   250 | D:5      | Noticed a yak
   274 | D:4      | Noticed a scorpion
   277 | D:4      | Killed a scorpion
   278 | D:4      | Reached XP level 2. HP: 16/16 MP: 3/3
   278 | D:4      | Reached XP level 3. HP: 19/19 MP: 4/4
   554 | D:2      | Noticed Terence
  1128 | D:1      | Found Unach's Book Shoppe.
  1155 | D:1      | Reached XP level 4. HP: 23/23 MP: 5/5
  1692 | D:2      | Found Luakeak's Book Emporium.
  1703 | D:2      | Found Lymus's Antique Weapon Shop.
  1773 | D:2      | Reached * piety under Ashenzari
  2056 | D:2      | Found Koakk's Assorted Antiques.
  2066 | D:2      | Bought a scroll labelled SOGONOUCAD for 21 gold pieces
  2093 | D:2      | Found Coshoy's Magic Scroll Emporium.
  2250 | D:2      | Reached ** piety under Ashenzari
  2471 | D:3      | Reached skill level 1 in Ranged Weapons
  2476 | D:3      | Found a basalt altar of Yredelemnul.
  3177 | D:3      | Reached XP level 5. HP: 28/28 MP: 6/6
  3719 | D:2      | Found Qujur's Antique Armour Boutique.
  3833 | D:2      | Killed Terence
  3919 | D:2      | Bought a scroll of butterflies for 48 gold pieces
  4800 | D:4      | Noticed an ogre
  4855 | D:4      | Killed an ogre
  4856 | D:4      | Reached XP level 6. HP: 32/32 MP: 7/7
  5814 | D:4      | Noticed Sigmund
  5866 | D:4      | Killed Sigmund
  5867 | D:4      | Reached skill level 5 in Ranged Weapons
  5867 | D:4      | Reached XP level 7. HP: 35/36 MP: 8/8
  7136 | D:5      | Killed a yak
  7185 | D:5      | Killed a yak
  7186 | D:5      | Reached skill level 5 in Dodging
  7186 | D:5      | Reached XP level 8. HP: 40/40 MP: 9/9
  7546 | D:6      | Found an opulent altar of Gozag.
  7723 | D:6      | Noticed wally255's ghost (novice MiFi)
  7871 | D:6      | Found a runed translucent gate.
  7872 | D:6      | Found a runed translucent gate.
  7942 | D:6      | Found a runed translucent gate.
  7945 | D:6      | Noticed a komodo dragon
  8258 | D:7      | Reached XP level 9. HP: 44/44 MP: 10/10
  8716 | D:7      | Reached skill level 10 in Ranged Weapons
 10432 | D:8      | Reached *** piety under Ashenzari
 11254 | D:9      | Reached skill level 10 in Dodging
 11497 | D:8      | Reached XP level 10. HP: 49/49 MP: 11/11
 11827 | D:9      | Noticed a death yak
 11957 | D:9      | Killed a death yak
 12504 | D:9      | Found a shadowy altar of Dithmenos.
 12943 | D:10     | Entered Level 10 of the Dungeon
 12977 | D:10     | Noticed a two-headed ogre
 13049 | D:10     | Killed a two-headed ogre
 13050 | D:10     | Reached skill level 5 in Fighting
 13356 | D:10     | Reached XP level 11. HP: 49/55 MP: 12/12
 13612 | D:10     | Found a radiant altar of Vehumet.
 13616 | D:10     | Found a sacrificial altar of Ru.
 13903 | D:11     | Found a gate leading to a gauntlet.
 13973 | Gauntlet | Entered a Gauntlet
 13973 | Gauntlet | Found a transporter.
 13984 | Gauntlet | Found a transporter.
 13986 | Gauntlet | Found a transporter.
 13986 | Gauntlet | Found a transporter.
 14001 | Gauntlet | Found a transporter.
 14016 | Gauntlet | Found a transporter.
 14019 | Gauntlet | Noticed a reaper
 14024 | Gauntlet | Found a transporter.
 14039 | Gauntlet | Found a transporter.
 14039 | Gauntlet | Identified the +2 helmet "Voluedow" {Str+4}
 14058 | Gauntlet | Found a transporter.
 14073 | Gauntlet | Noticed a cyan ugly thing
 14075 | Gauntlet | Found a transporter.
 14075 | Gauntlet | Noticed a great orb of eyes
 14076 | Gauntlet | Identified the amulet of Gunganis {Faith rElec}
 14084 | Gauntlet | Noticed a reaper
 14087 | Gauntlet | Found a transporter.
 14098 | Gauntlet | Found a transporter.
 14120 | Gauntlet | Identified the ring "Usout" {rElec Int+6 Dex+2}
 14121 | Gauntlet | Found a transporter.
 14126 | Gauntlet | Found a transporter.
 14153 | Gauntlet | Noticed a reaper
 14154 | Gauntlet | Found a transporter.
 14155 | Gauntlet | Identified the amulet of Kenoba {rF+ RegenMP+ MP+9 Str+3
                  | Int+3}
 14159 | Gauntlet | Found a transporter.
 14162 | Gauntlet | Noticed a fire crab
 14198 | Gauntlet | Found a transporter.
 14230 | Gauntlet | Found a transporter.
 14385 | D:11     | Noticed Josephine
 15121 | D:11     | Noticed Amaemon
 15182 | D:11     | Killed Josephine
 15460 | D:11     | Reached skill level 1 in Evocations
 15690 | D:11     | Killed Amaemon
 15755 | D:11     | Found a staircase to the Lair.
 15871 | D:11     | Noticed a boulder beetle
 16116 | D:9      | Reached skill level 15 in Dodging
 16116 | D:9      | Reached XP level 12. HP: 61/61 MP: 13/13
 16712 | D:6      | Killed wally255's ghost
 16979 | Lair:1   | Entered Level 1 of the Lair of Beasts
 18813 | Lair:2   | You fall into a shaft and drop 2 floors!
 19002 | Lair:2   | Noticed a four-headed hydra
 19114 | Lair:2   | Noticed a death yak
 19139 | Lair:2   | Noticed an eight-headed hydra
 19169 | Lair:2   | Killed an eight-headed hydra
 19303 | Lair:2   | Reached XP level 13. HP: 67/67 MP: 14/14
 19331 | Lair:2   | Found a hole to the Spider Nest.
 19458 | Lair:2   | Found a transporter.
 19462 | Lair:2   | Noticed Meguun's ghost (journeyman MiBe)
 19484 | Lair:2   | Found a transporter.
 20403 | Lair:3   | Learned a level 4 spell: Dimensional Bullseye
 20489 | Lair:3   | Reached skill level 1 in Spellcasting
 20489 | Lair:3   | Reached skill level 1 in Hexes
 20489 | Lair:3   | Reached skill level 1 in Translocations
 20505 | Lair:3   | Found a staircase to the Shoals.
 21444 | Lair:3   | Reached skill level 5 in Translocations
 21790 | Lair:4   | Found a staircase to the Slime Pits.
 21807 | Lair:4   | Reached skill level 5 in Hexes
 21813 | Lair:4   | Found a viscous altar of Jiyva.
 22815 | Lair:5   | Entered Level 5 of the Lair of Beasts
 23064 | Lair:5   | Reached XP level 14. HP: 73/73 MP: 21/21
 23303 | Lair:5   | Reached skill level 5 in Spellcasting
 23670 | Lair:5   | Reached skill level 10 in Translocations
 24812 | Lair:5   | Found a corrupted altar of Lugonu.
 24812 | Lair:5   | Found a one-way gate to the infinite horrors of the Abyss.
 25746 | D:12     | Found a staircase to the Orcish Mines.
 26236 | D:12     | Noticed Rupert
 26477 | D:13     | Found a gate to the Vaults.
 26997 | D:13     | Reached skill level 10 in Fighting
 27560 | D:14     | Found a transporter.
 27561 | D:14     | Found an ornate altar of the Wu Jian Council.
 27561 | D:14     | Noticed a vault warden
 27735 | D:14     | Found a transporter.
 27742 | D:14     | Found a transporter.
 27747 | D:14     | Found an ornate altar of the Wu Jian Council.
 27750 | D:14     | Found a transporter.
 27825 | D:14     | Reached skill level 5 in Evocations
 27907 | D:14     | Noticed Nessos
 27916 | D:14     | Killed Nessos
 27963 | D:14     | Identified the +11 chain mail of Lust {Dex+3}
 28146 | D:14     | Reached XP level 15. HP: 80/80 MP: 28/28
 28212 | D:14     | Learned a level 3 spell: Passwall
 28915 | D:15     | Entered Level 15 of the Dungeon
 28946 | D:15     | Reached skill level 1 in Earth Magic
 30179 | D:15     | Reached skill level 5 in Earth Magic
 30469 | D:15     | Found a staircase to the Depths.
 31071 | D:15     | Identified the ring "Xaecvu Juyga" {Ice Str+3 Int+3}
 31241 | Orc:1    | Entered Level 1 of the Orcish Mines
 31757 | Orc:2    | Entered Level 2 of the Orcish Mines
 31814 | Orc:2    | Found a frozen archway.
 32057 | Orc:2    | Reached skill level 15 in Ranged Weapons
 32314 | Orc:2    | Found a flickering gateway to a bazaar.
 32320 | Bazaar   | Entered a bazaar
 32334 | Bazaar   | Found Xeevvyun's Antique Armour Shoppe.
 32334 | Bazaar   | Found Eluaschog's Magic Scroll Emporium.
 32338 | Bazaar   | Bought a scroll of butterflies for 64 gold pieces
 32355 | Bazaar   | Found Xinuloe's Weapon Shoppe.
 32372 | Bazaar   | Found Wed Hiawk's Book Shoppe.
 32447 | Bazaar   | Bought a heavily runed buckler for 190 gold pieces
 32447 | Bazaar   | Identified the +0 buckler of the Miller {+Blink rC- Str+3
                  | Slay+5} (You bought it in a shop in a bazaar)
 32552 | IceCv    | Entered an ice cave
 32563 | IceCv    | Found a transporter.
 32632 | IceCv    | Found a transporter.
 33363 | Orc:2    | Found Qipaefay's Jewellery Shoppe.
 33363 | Orc:2    | Found Sufeunig's Magic Scroll Shoppe.
 33364 | Orc:2    | Found Vaisag's Distillery.
 33364 | Orc:2    | Found Naock's Magic Scroll Shoppe.
 33378 | Orc:2    | Bought an amulet of reflection for 420 gold pieces
 33387 | Orc:2    | Bought a scroll of enchant weapon for 112 gold pieces
 33387 | Orc:2    | Bought a scroll of blinking for 112 gold pieces
 33497 | Orc:2    | Found a staircase to the Elven Halls.
 33687 | Orc:2    | Upgraded the game from 0.32-a0-898-g7811c86cf0 to
                  | 0.32-a0-900-g30fb1b0edc
 33883 | Shoals:1 | Entered Level 1 of the Shoals
 34690 | Shoals:1 | Reached XP level 16. HP: 70/85 MP: 29/29
 35150 | Shoals:1 | Found Vizo's Jewellery Shop.
 35281 | Shoals:1 | Reached **** piety under Ashenzari
 35952 | Shoals:2 | Reached skill level 1 in Necromancy
 36483 | Shoals:2 | Learned a level 5 spell: Borgnjor's Vile Clutch
 36486 | Shoals:2 | Learned a level 2 spell: Blink
 37404 | Shoals:3 | Reached skill level 5 in Necromancy
 37592 | Shoals:4 | Entered Level 4 of the Shoals
 37592 | Shoals:4 | Found Myczumuh's Jewellery Shoppe.
 38673 | Shoals:4 | Found Jitsusefu's Jewellery Emporium.
 39538 | Shoals:4 | Found the +15 Maxwell's patent armour {-Cast -Tele rElec
                  | Will+ rCorr}
 39955 | Shoals:4 | Got a barnacled rune of Zot
 40472 | Shoals:4 | Reached skill level 10 in Necromancy
 40529 | Shoals:4 | Reached XP level 17. HP: 80/91 MP: 26/30
 41079 | Elf:1    | Entered Level 1 of the Elven Halls
 41298 | Elf:1    | Found a magical portal.
 41312 | WizLab   | Entered Iskenderun's Mystic Tower
 42070 | WizLab   | Reached skill level 10 in Earth Magic
 43265 | Elf:1    | Found Fiocvas's Distillery.
 43399 | Elf:1    | Identified the serpent talisman of Ogeuvy {rF- rN+ SInv}
 43399 | Elf:1    | Noticed Aizul
 43569 | Elf:1    | Killed Aizul
 44010 | Elf:1    | Identified the Vellum of Wyrd
 44470 | Elf:1    | Reached skill level 10 in Spellcasting
 44470 | Elf:1    | Paralysed by an air elemental for 1 turns
 45453 | Vaults:1 | Entered Level 1 of the Vaults
 45780 | Vaults:1 | Reached skill level 10 in Stealth
 45910 | Vaults:1 | Reached skill level 1 in Conjurations
 45922 | Vaults:1 | Learned a level 4 spell: Iskenderun's Mystic Blast
 46433 | Spider:1 | Entered Level 1 of the Spider Nest
 47340 | Spider:1 | Reached XP level 18. HP: 98/98 MP: 18/33
 50001 | Spider:3 | Noticed Nikola
 50864 | Elf:2    | Found Eqatorgh's Self-Published Books.
 51388 | Elf:2    | Found a huge runed translucent gate.
 51388 | Elf:2    | Found a huge runed translucent gate.
 51388 | Elf:2    | Found a huge runed translucent gate.
 51442 | Elf:3    | Entered Level 3 of the Elven Halls
 51451 | Elf:3    | Paralysed by an air elemental for 1 turns
 51456 | Elf:3    | Paralysed by an air elemental for 1 turns
 51729 | Elf:3    | Found Jiasualu's Weapon Shop.
 51794 | Elf:3    | Found Goll's Jewellery Boutique.
 51794 | Elf:3    | Found Niuseidgh's Book Shoppe.
 51795 | Elf:3    | Found Afebar Ycle's Jewellery Boutique.
 51813 | Elf:3    | Paralysed by an air elemental for 1 turns
 53040 | Elf:3    | Identified the amulet of Symmetry {Spirit rF+ Slay+2}
 54674 | Elf:3    | Identified the +1 lajatang of Ezivufej {flame, rF+}
 55224 | Elf:3    | Reached XP level 19. HP: 103/103 MP: 26/35
 55341 | Elf:3    | Identified the +3 falchion "Usonteegu" {heavy, rC+ MP+9}
 55353 | Elf:3    | Identified the Vademecum on Toxic Air
 55353 | Elf:3    | Identified the +4 sling "Sysyfo Buqae" {antimagic, rF+ SInv
                  | Stlth-}
 55377 | Elf:3    | Learned a level 1 spell: Apportation
 55469 | Elf:3    | Bought the ring of the Scarab {Fly rElec rPois Int+3} for
                  | 551 gold pieces
 55816 | Vaults:1 | Paralysed by a formless jellyfish for 1 turns
 58427 | Vaults:2 | Identified the +8 tower shield "Edeenut" {+Inv rC- rN+
                  | Str+3}
 58427 | Vaults:2 | Noticed Mennas
 58692 | Vaults:3 | Found a white marble altar of Elyvilon.
 60909 | Vaults:3 | Noticed Norris
 60978 | Vaults:3 | Killed Norris
 62095 | Vaults:4 | Reached XP level 20. HP: 74/111 MP: 24/37
 62540 | Vaults:4 | Found Morchoela's Antique Weapon Shop.
 63849 | Vaults:4 | Reached skill level 15 in Fighting
 64130 | Vaults:4 | Identified the +1 leather armour of Yesterday {+Inv MP-9
                  | Str+3}
 64136 | Vaults:4 | Reached skill level 15 in Translocations
 64511 | Vaults:2 | Noticed Donald
 64522 | Vaults:2 | Killed Donald
 66175 | Vaults:2 | Found a staircase to the Crypt.
 66565 | Orc:2    | Reached ***** piety under Ashenzari
 66947 | D:12     | Killed Rupert
 67386 | Spider:3 | Identified the +8 quarterstaff "Julehyas" {chaos, rElec
                  | rN++ Int-3 Stlth+}
 67457 | Spider:4 | Entered Level 4 of the Spider Nest
 67545 | Spider:3 | Killed Nikola
 68549 | Spider:4 | Reached XP level 21. HP: 120/120 MP: 5/39
 68754 | Spider:4 | Reached skill level 1 in Shields
 69029 | Spider:4 | Got a gossamer rune of Zot
 69247 | Lair:2   | Killed Meguun's ghost
 69581 | D:2      | Bought a scroll of immolation for 48 gold pieces
 69581 | D:2      | Bought a scroll of fog for 48 gold pieces
 69581 | D:2      | Bought a scroll of blinking for 90 gold pieces
 69594 | D:2      | Bought a scroll of teleportation for 63 gold pieces
 69594 | D:2      | Bought a scroll of fear for 84 gold pieces
 69909 | Depths:1 | Entered Level 1 of the Depths
 70097 | Depths:1 | Noticed a caustic shrike
 70413 | D:15     | Killed a caustic shrike
 70684 | Depths:1 | Found a one-way gateway to a ziggurat.
 70714 | Depths:1 | Noticed a caustic shrike
 70728 | Depths:1 | Killed a caustic shrike
 70792 | Depths:1 | Reached skill level 5 in Shields
 70797 | Depths:1 | Noticed a caustic shrike
 70803 | Depths:1 | Killed a caustic shrike
 70874 | Depths:1 | Noticed a caustic shrike
 70893 | Depths:1 | Killed a caustic shrike
 71399 | Depths:1 | Found a gateway to Hell.
 71695 | Depths:1 | Found a one-way gate leading to the halls of Pandemonium.
 73068 | Depths:2 | Reached skill level 10 in Evocations
 73103 | Depths:2 | Found a portal to a secret trove of treasure.
 73389 | Depths:2 | Reached skill level 1 in Summonings
 73457 | Depths:2 | Reached XP level 22. HP: 130/130 MP: 41/41
 73595 | Depths:2 | Found a runed translucent door.
 73703 | Depths:1 | Learned a level 5 spell: Summon Forest
 73756 | Depths:2 | Found a runed translucent door.
 73757 | Depths:2 | Noticed an ancient lich
 73757 | Depths:2 | Identified the -2 helmet of Rezebac {rPois Dex+3}
 74420 | Depths:3 | Found a corrupted altar of Lugonu.
 74469 | Depths:3 | Noticed a caustic shrike
 74518 | Depths:2 | Reached skill level 5 in Summonings
 74636 | Depths:3 | Noticed a juggernaut
 74725 | Depths:2 | Killed a juggernaut
 74969 | Depths:3 | Noticed a caustic shrike
 74975 | Depths:3 | Killed a caustic shrike
 75242 | Depths:3 | Killed a caustic shrike
 75901 | Depths:3 | Noticed a golden dragon
 76115 | Depths:3 | Noticed a golden dragon
 76153 | Depths:3 | Killed a golden dragon
 76169 | Depths:3 | Noticed a caustic shrike
 76180 | Depths:3 | Killed a caustic shrike
 76189 | Depths:3 | Noticed a golden dragon
 76202 | Depths:3 | Killed a golden dragon
 76935 | Depths:3 | Killed a golden dragon
 77182 | Depths:4 | Entered Level 4 of the Depths
 77917 | Depths:4 | Learned a level 7 spell: Malign Gateway
 78356 | Depths:4 | Noticed a golden dragon
 78410 | Depths:4 | Killed a golden dragon
 78458 | Depths:4 | Found a gate to the Realm of Zot.
 78876 | Lair:4   | Learned a level 5 spell: Lee's Rapid Deconstruction
 78877 | Slime:1  | Entered Level 1 of the Pits of Slime
 79246 | Slime:1  | Gained mutation: Armour fits poorly on your strangely
                  | shaped body. [a shining eye]
 79247 | Slime:1  | Gained mutation: Your magical capacity is low. (-10% MP) [a
                  | shining eye]
 79487 | Slime:3  | Reached XP level 23. HP: 135/135 MP: 39/39
 79816 | Slime:5  | Entered Level 5 of the Pits of Slime
 79883 | Slime:5  | Identified the +1 robe "Nioheibb" {rPois Will+ Str+4}
 79886 | Slime:5  | Identified the beast talisman of the Grue {rC+ Str-2
                  | Int+10}
 79919 | Slime:5  | Identified the +1 dagger "Dywy" {flame, rN++}
 79920 | Slime:5  | Identified the ring "Unirphamp" {*Corrode rElec Will+ Int+3
                  | Slay+2}
 80184 | Slime:5  | Identified a scroll of acquirement
 80200 | Slime:4  | Gained mutation: You are dopey. (Int -2) [a shining eye]
 80220 | Slime:5  | Noticed the Royal Jelly
 80423 | Slime:5  | Reached skill level 10 in Summonings
 81218 | Slime:5  | Found a viscous altar of Jiyva.
 81520 | Slime:5  | Killed the Royal Jelly
 81923 | Slime:5  | Got a slimy rune of Zot
 82011 | Slime:4  | Lost mutation: You are dopey. (Int -2) [potion of mutation]
 82011 | Slime:4  | Lost mutation: Armour fits poorly on your strangely shaped
                  | body. [potion of mutation]
 82011 | Slime:4  | Gained mutation: Your muscles are strong. (Str +4, Int/Dex
                  | -1) [potion of mutation]
 82011 | Slime:4  | Gained mutation: Your movements are slightly less
                  | encumbered by armour. (ER -2) [potion of mutation]
 82012 | Slime:4  | Lost mutation: Your muscles are strong. (Str +4, Int/Dex
                  | -1) [potion of mutation]
 82012 | Slime:4  | Lost mutation: Your movements are slightly less encumbered
                  | by armour. (ER -2) [potion of mutation]
 82012 | Slime:4  | Gained mutation: You occasionally lose the ability to drink
                  | potions when taking damage. [potion of mutation]
 82012 | Slime:4  | Gained mutation: Your spells are a little harder to cast,
                  | but a little more powerful. [potion of mutation]
 82013 | Slime:4  | Lost mutation: Your spells are a little harder to cast, but
                  | a little more powerful. [potion of mutation]
 82013 | Slime:4  | Lost mutation: Your magical capacity is low. (-10% MP)
                  | [potion of mutation]
 82013 | Slime:4  | Lost mutation: You occasionally lose the ability to drink
                  | potions when taking damage. [potion of mutation]
 82013 | Slime:4  | Gained mutation: Your natural rate of healing is unusually
                  | fast. [potion of mutation]
 82013 | Slime:4  | Gained mutation: You are agile. (Dex +4, Str/Int -1)
                  | [potion of mutation]
 82361 | Crypt:1  | Entered Level 1 of the Crypt
 83584 | Crypt:2  | Identified the orb of the Four Knives {light, Rampage
                  | Dex+4}
 83584 | Crypt:2  | Noticed Frederick
 83595 | Crypt:2  | Killed Frederick
 84427 | Crypt:3  | Entered Level 3 of the Crypt
 84749 | Crypt:3  | Found a basalt altar of Yredelemnul.
 84775 | Crypt:3  | Noticed Bai Suzhen
 84797 | Crypt:3  | Killed Bai Suzhen
 84994 | Crypt:3  | Reached skill level 15 in Spellcasting
 85302 | Crypt:3  | Identified the +0 halberd "Tydgh" {flame, Int+4}
 85919 | Crypt:3  | Reached XP level 24. HP: 134/140 MP: 38/46
 86015 | Crypt:3  | Identified the staff "Haihut" {+Blink rF+ Fire Alchemy}
 86050 | Crypt:3  | Found a staircase to the Tomb.
 86050 | Crypt:3  | Noticed Khufu
 86088 | Crypt:3  | Killed Khufu
 86150 | Crypt:3  | Learned a level 6 spell: Dispersal
 86159 | Crypt:3  | Learned a level 8 spell: Disjunction
 86186 | Tomb:1   | Entered Level 1 of the Tomb of the Ancients
 86696 | Tomb:1   | Noticed a royal mummy
 86741 | Tomb:1   | Killed a royal mummy
 86871 | Tomb:1   | Noticed a royal mummy
 86880 | Tomb:1   | Killed a royal mummy
 87398 | Tomb:1   | Noticed a royal mummy
 87499 | Tomb:1   | Killed a royal mummy
 88362 | Zot:1    | Entered Level 1 of the Realm of Zot
 88931 | Zot:2    | Noticed Vv
 90162 | Zot:3    | Noticed an ancient lich
 90162 | Zot:3    | Noticed a Killer Klown
 90191 | Zot:3    | Noticed a Killer Klown
 90191 | Zot:3    | Identified the +8 battleaxe of Doom {freeze, rN+}
 90274 | Zot:2    | Killed an ancient lich
 90298 | Zot:2    | Killed a Killer Klown
 90442 | Zot:3    | Killed a Killer Klown
 90675 | Zot:3    | Reached XP level 25. HP: 139/147 MP: 32/49
 91313 | Zot:4    | Noticed Grunn
 91335 | Zot:4    | Killed Grunn
 92455 | Zot:5    | Entered Level 5 of the Realm of Zot
 92870 | Zot:5    | Reached ****** piety under Ashenzari
 92916 | Zot:5    | Noticed an ancient lich
 93093 | Zot:5    | Killed an ancient lich
 93214 | Zot:5    | Noticed a Killer Klown
 93214 | Zot:5    | Noticed an orb of fire
 93214 | Zot:5    | Noticed a Killer Klown
 93299 | Zot:5    | Noticed an orb of fire
 93303 | Zot:5    | Gained mutation: Potions are less effective at restoring
                  | your health. [an orb of fire]
 93303 | Zot:5    | Noticed a dread lich
 93304 | Zot:5    | Gained mutation: You occasionally lose the ability to drink
                  | potions when taking damage. [an orb of fire]
 93305 | Zot:5    | Noticed an orb of fire
 93309 | Zot:5    | Killed an orb of fire
 93313 | Zot:5    | Noticed an orb of fire
 93313 | Zot:5    | Noticed an orb of fire
 93313 | Zot:5    | Noticed a Killer Klown
 93313 | Zot:5    | Noticed an orb of fire
 93314 | Zot:5    | Noticed an ancient lich
 93316 | Zot:5    | Noticed an orb of fire
 93316 | Zot:5    | Noticed an orb of fire
 93318 | Zot:5    | Got the Orb of Zot
 93320 | Zot:5    | Identified the +3 rapier of Hell's Wrath {antimagic, rElec
                  | Will+ Str+3}
 93610 | Depths:2 | Noticed Hizev the pandemonium lord
 93815 | D:9      | Reached skill level 15 in Evocations
 94013 | D:$      | Escaped with the Orb!

Illustrated notes

Levels and vault maps discovered:
D:1:      heliophobic_arrival_henge, layout_basic, serial_shops, shop,
          minivault_25
D:2:      layout_basic, serial_shops, shop, shop, nicolae_shop_statue_plus,
          nicolae_shop_tiny_glass, nicolae_shop_tiny_glass, serial_forest,
          infiniplex_forest_clump_C, infiniplex_forest_zigzag_1,
          infiniplex_forest_clump_small, infiniplex_forest_straight_2,
          infiniplex_forest_clump_long, infiniplex_forest_lined_4_way,
          infiniplex_forest_lined_3, infiniplex_forest_clump_tiny,
          ebering_dispersal_statue_hall, grunt_ministairs_1, uniq_terence
D:3:      layout_basic, lemuel_zombie_altar_yredelemnul,
          hangedman_decor_diamond_cutter, minmay_splitting_lines,
          grunt_ministairs_13, hangedman_decor_push
D:4:      layout_loops_corners, amethyst_killhole, minmay_misc_feat_doors,
          roderic_lattice_a, uniq_sigmund
D:5:      layout_loops_cross, minmay_temple_entry_fiery, portal_sewer_entry_d,
          kennysheep_windowed_goal
D:6:      layout_rooms, nicolae_gozag_seed_capital, gammafunk_ghost_split
D:7:      layout_loops_corners, glass_columns_b
D:8:      layout_loops_cross
D:9:      layout_irregular_city, grunt_dithmenos_smoke, serial_ice,
          serial_ice_a, serial_ice_h, serial_ice_d, serial_ice_m, serial_ice_b,
          serial_ice_g, serial_ice_c, serial_ice_o, nicolae_figureground_pulse
D:10:     layout_basic, minitemple
D:11:     layout_small_grid, david_lair_shrubbed, gauntlet_entry_generic,
          serial_undead, serial_undead_d, serial_undead_e, serial_undead_c,
          serial_undead_a, minmay_the_grid_square_5x5_3x3_mashed
          [minmay_the_grid_square_5x5_corner,
          minmay_the_grid_square_5x5_three_walls,
          minmay_the_grid_square_5x5_inner_z,
          minmay_the_grid_square_5x5_hollow_slash,
          minmay_the_grid_square_5x5_megaprize_hollow,
          minmay_the_grid_square_5x5_shrine2,
          minmay_the_grid_square_5x5_fancy_junction,
          minmay_the_grid_square_5x5_half_checkered,
          minmay_the_grid_square_5x5_fat_x], uniq_josephine, uniq_amaemon
D:12:     layout_loops_cross, orc_0_dummy, uniq_rupert
D:13:     layout_cave_pods, david_vaults_2, nrook_guardian_serpent_ordinary
D:14:     dreamdust_wu_jian_sword_trials, layout_stronghold,
          serial_library_hellmonk_layered_room, nrook_mini_vaults, uniq_nessos
D:15:     hangedman_depths_entry_try_elsewhere_first, layout_basic,
          grunt_decor_mini_mirrors
Temple:   bh_familiar_temple
Lair:1:   layout_regular_city, grunt_megastairs_5
Lair:2:   layout_misc_corridors, spider_nest_entry_rubble,
          gammafunk_ghost_berserking_beasts, grunt_megastairs_4
Lair:3:   layout_cellular_growth, shoals_dummy_entry, serial_bayou_shore_b
Lair:4:   layout_loops_ring, dpeg_slime_entry_corner,
          infiniplex_staircase_pool_2
Lair:5:   hellmonk_lair_end_abyssal_woods, layout_layer_cave
Shoals:1: layout_shoals, minmay_shop_enchanted_jewellery
Shoals:2: layout_shoals
Shoals:3: layout_shoals, nicolae_shoals_so_close
Shoals:4: shoals_end_simple, layout_shoals, serial_shops, shop,
          nicolae_shop_window_shopping
Spider:1: layout_spider_delve
Spider:2: layout_spider_delve, hangedman_stitches_earthworm
Spider:3: mumra_spider_spiderweb, uniq_nikola
Spider:4: grunt_spider_rune_parallel, drop_trap
Slime:1:  layout_caves
Slime:2:  layout_caves, nicolae_slime_welcoming_committee
Slime:3:  layout_caves, nicolae_slime_getting_an_eyeful
Slime:4:  layout_caves
Slime:5:  slime_pit_nicolae_inversion
Orc:1:    layout_caves
Orc:2:    st_orc_pillars, layout_diamond_mine, serial_shops, bzr_entry_safe,
          portal_ice_cave_entry_pillars_1
Elf:1:    minmay_elf_arrival_plus, layout_loops_cross,
          infiniplex_enter_wizlab_spiral, minmay_elf_demonology,
          nicolae_take_the_stairs, hex_tiny, nicolae_elf_big_sculpture_1,
          uniq_aizul
Elf:2:    elven_hall_of_blades_hangedman_alternative
          [nicolae_blade_entry_pointy_end], layout_loops_cross,
          nicolae_custom_books
Elf:3:    grunt_elf_hall_asides, layout_gridlike, serial_shops, shop,
          grunt_megastairs_1, minmay_shop_grove
Vaults:1: nicolae_vaults_offset_grid_hallway_1, vaults_mumra_minichess,
          ontoclasm_vaults_claustrophobia,
          serial_library_hellmonk_angled_corner, vaults_room_door_ring,
          nicolae_vaults_apartment_1, v_misc_33, nicolae_vaults_two_Ls,
          v_misc_11, hangedman_vaults_stretched_pinwheel, vaults_mumra_chevron,
          v_misc_14, v_alt_pattern_2, ontoclasm_vaults_gateway,
          nicolae_vaults_house_3, ontoclasm_vaults_eye,
          layout_vaults_maze_snakey
Vaults:2: vaults_room_hallway, serial_library_hellmonk_open_square,
          hangedman_vaults_river_flow, minmay_crypt_entry_skeletal_spiral,
          nicolae_vaults_house_1, nicolae_vaults_closet_pinwheel_6,
          nicolae_vaults_little_squares_4, nicolae_vaults_mini_display_case,
          nicolae_vaults_double_plus_1, nicolae_vaults_specimen_jars,
          hangedman_vaults_slice, nicolae_vaults_closet_pinwheel_5,
          nicolae_vaults_diamond_2, layout_vaults_big_room, uniq_donald,
          uniq_mennas
Vaults:3: hangedman_vaults_stitches, lemuel_angel_altar, v_misc_18,
          vaults_mumra_chevron_long, nicolae_vaults_little_ls, vaults_mumra_lcd,
          st_lines, ontoclasm_vaults_pinch, nicolae_vaults_diamond_1,
          nicolae_vaults_closet_pinwheel_4, nicolae_vaults_heart-shaped_vault,
          nicolae_vaults_border_crossing, layout_vaults_omnicross, uniq_norris
Vaults:4: nicolae_vaults_disjoint_gnomons, nicolae_vaults_whirlpool_walls,
          nicolae_vaults_trapezoid_3, hangedman_vaults_cutoff,
          hangedman_vaults_corner_blocks, v_misc_18,
          nicolae_vaults_sesquioval_fish, nicolae_vaults_triangles,
          hangedman_vaults_variations, vaults_room_pool, layout_vaults_omnibox,
          serial_shops, shop_fountains
Crypt:1:  layout_regular_city, grunt_ministairs_12, hellmonk_scarab_ruin
Crypt:2:  layout_chaotic_city, grunt_megastairs_3, uniq_frederick
Crypt:3:  grunt_crypt_end_deaths_head, uniq_bai_suzhen
Tomb:1
Depths:1: tekkud_shrikecote, layout_basic, enter_ziggurat_e,
          nicolae_abyss_entry_one_way_or_another, minmay_misc_feat_encased,
          grunt_hell_entry_dis_grunt, grunt_pan_entry_spiral,
          hangedman_decor_lopped
Depths:2: cheibrodos_witchhunters_guild, layout_cave_shapes,
          chequers_decorated_corner, pan_entry, hell_entry,
          nicolae_trove_entry_columns, minmay_staircase_bubble,
          kennysheep_random_hallway
Depths:3: minmay_central_circle, layout_honeycomb, abyss_entry_flame_altar,
          hangedman_geh_valley, minmay_staircase_statues
Depths:4: evilmike_zot_entry_gauntlet, layout_cross, abyss_entry, serial_rivers,
          chequers_serial_rivers_large_a, chequers_serial_rivers_micro_d,
          chequers_serial_rivers_room_b, chequers_serial_rivers_micro_c,
          hell_entry, grunt_ministairs_14, minmay_microvault
Zot:1:    layout_misc_corridors, zot_minivault_2
Zot:2:    layout_cellular_growth, hangedman_zot_gyre, uniq_vv
Zot:3:    ebering_klown_carousel, layout_cathedral_of_symmetry
Zot:4:    layout_cathedral_of_symmetry, bh_zot_ikea_curve, uniq_grunn
Zot:5:    layout_gridlike, skrybe_zot_glass_2

Skill      XL: |  1  2  3  4  5  6  7  8  9 10 11 12 13 14 15 16 17 18 19 20 21 22 23 24 25 |
---------------+----------------------------------------------------------------------------+-----
Short Blades   | 3 |  3.0
Dodging        | 4 5 6 10 13 15 18 19 | 19.5
Stealth        | 8 10 | 10.3
Ranged Weapons | 1 4 5 7 9 10 11 13 14 15 17 18 20 | 20.6
Fighting       | 3 4 5 6 7 8 10 11 12 14 15 17 18 | 18.7
Evocations     | 2 6 7 9 10 12 15 | 15.0
Spellcasting   | 4 8 10 11 12 13 16 19 | 19.1
Hexes          | 6 7 |  7.4
Translocations | 9 11 12 14 16 20 | 20.8
Earth Magic    | 8 10 11 | 11.2
Necromancy     | 10 11 12 | 12.0
Conjurations   | 2 |  2.0
Shields        | 5 8 |  8.8
Summonings     | 2 8 12 13 | 13.9

Action                     |  1- 3 |  4- 6 |  7- 9 | 10-12 | 13-15 | 16-18 | 19-21 | 22-24 | 25-27 || total
---------------------------+-------+-------+-------+-------+-------+-------+-------+-------+-------++-------
  Melee: Short sword       |    23 |    80 |    76 |    13 |     8 |    17 |    13 |     2 |       ||   232
         Whip              |       |    38 |       |       |       |       |       |       |       ||    38
         Rapier            |       |     8 |       |       |       |       |       |       |       ||     8
   Fire: Sling             |       |   320 |   194 |       |       |       |       |       |       ||   514
         Shortbow          |       |       |    98 |       |       |       |       |       |       ||    98
         Orcbow            |       |       |   238 |  1170 |  2074 |       |       |       |       ||  3482
         Arbalest          |       |       |       |       |   483 |  1889 |   784 |       |       ||  3156
         Hand cannon       |       |       |       |       |       |       |   716 |  1717 |   303 ||  2736
  Throw: Stone             |     2 |       |       |       |       |       |       |       |       ||     2
         Dart              |       |       |       |       |    29 |    42 |       |       |       ||    71
   Cast: Dimensional Bulls |       |       |       |       |    30 |    43 |    54 |    44 |     8 ||   179
         Passwall          |       |       |       |       |     3 |       |       |       |     1 ||     4
         Borgnjor's Vile C |       |       |       |       |       |   182 |   269 |   139 |    33 ||   623
         Iskenderun's Myst |       |       |       |       |       |    22 |    14 |    15 |       ||    51
         Blink             |       |       |       |       |       |     8 |     6 |     6 |       ||    20
         Apportation       |       |       |       |       |       |       |    23 |    54 |     6 ||    83
         Malign Gateway    |       |       |       |       |       |       |       |     5 |     8 ||    13
         Lee's Rapid Decon |       |       |       |       |       |       |       |    22 |     2 ||    24
         Dispersal         |       |       |       |       |       |       |       |     1 |     1 ||     2
         Disjunction       |       |       |       |       |       |       |       |     1 |     1 ||     2
 Invoke: Curse Item        |     1 |     2 |     1 |       |     2 |     1 |     2 |     1 |     1 ||    11
         Shatter the Chain |       |       |       |     1 |     1 |       |     1 |       |       ||     3
  Evoke: Wand              |     1 |       |     3 |       |    13 |    30 |     2 |    13 |     6 ||    68
         Phial of floods   |       |       |       |       |       |     1 |     1 |     1 |       ||     3
    Use: Scroll            |     1 |       |       |       |     2 |     1 |     9 |    12 |    12 ||    37
         Potion            |       |       |       |       |       |     5 |     2 |     4 |     1 ||    12
   Stab: Sleeping          |     5 |    12 |     7 |     1 |     3 |     5 |     6 |     1 |       ||    40
         Distracted        |       |     1 |       |       |       |       |       |       |       ||     1
         Betrayed ally     |       |       |       |       |       |     1 |       |       |       ||     1
 Armour: Robe              |     3 |    24 |    58 |    53 |   135 |   232 |   148 |   172 |    20 ||   845
  Dodge: Dodged            |     7 |    82 |   178 |   275 |   692 |   981 |   530 |   671 |   114 ||  3530
  Block: Other             |       |       |       |       |    15 |   152 |    50 |       |       ||   217
         Reflection        |       |       |       |       |     5 |    21 |    16 |    10 |     2 ||    54
         Buckler           |       |       |       |       |       |       |    93 |   308 |    41 ||   442

Table legend: (Time is in decaauts)
 A = Elapsed time spent in this place.
 B = Non-inter-level travel time spent in this place.
 C = Inter-level travel time spent in this place.
 D = Time resting spent in this place.
 E = Time spent auto-exploring this place.
 F = Levels seen in this place.
 G = Mean time per level.
                   A        B        C        D        E       F      G
               +--------+--------+--------+--------+--------+-----+--------+
         Total |  70496 |  50659 |  19837 |  19611 |   2144 |  60 | 1174.9 |
       Dungeon |  17034 |   9249 |   7785 |   1493 |    898 |  15 | 1135.6 |
        Temple |     37 |      3 |     34 |      0 |      0 |   1 |   37.0 |
          Lair |   6959 |   4694 |   2265 |   1351 |    312 |   5 | 1391.8 |
        Shoals |   5093 |   3794 |   1299 |   1498 |      0 |   4 | 1273.2 |
   Spider Nest |   4328 |   3533 |    795 |   1638 |     58 |   4 | 1082.0 |
    Slime Pits |   2381 |   1955 |    426 |   1012 |      0 |   5 |  476.2 |
  Orcish Mines |   1975 |   1508 |    467 |    346 |    208 |   2 |  987.5 |
   Elven Halls |   6299 |   5383 |    916 |   3261 |    302 |   3 | 2099.7 |
        Vaults |   9328 |   7235 |   2093 |   3603 |      0 |   4 | 2332.0 |
         Crypt |   2999 |   2302 |    697 |    642 |    147 |   3 |  999.7 |
          Tomb |   1345 |   1000 |    345 |    431 |      0 |   1 | 1345.0 |
        Depths |   7025 |   5558 |   1467 |   2611 |    216 |   4 | 1756.2 |
           Zot |   3758 |   2515 |   1243 |    857 |      0 |   5 |  751.6 |
        Bazaar |    104 |    104 |      0 |      0 |      0 |   1 |  104.0 |
      Ice Cave |     88 |     88 |      0 |     48 |      0 |   1 |   88.0 |
        Wizlab |   1536 |   1536 |      0 |    815 |      0 |   1 | 1536.0 |
      Gauntlet |    202 |    202 |      0 |      0 |      0 |   1 |  202.0 |
               +--------+--------+--------+--------+--------+-----+--------+

Top non-repeatable levels by time:
   Elf:3: 2897 daAuts
Vaults:1: 2792 daAuts
Vaults:3: 2750 daAuts
   Elf:1: 2121 daAuts
Vaults:4: 2063 daAuts
Shoals:4: 1997 daAuts
Depths:2: 1956 daAuts
Depths:3: 1900 daAuts
Depths:1: 1894 daAuts
Vaults:2: 1721 daAuts
  Lair:3: 1713 daAuts
    D:11: 1669 daAuts
     D:7: 1646 daAuts
Spider:2: 1616 daAuts
    D:15: 1612 daAuts
